 Dungeon Crawl Stone Soup version 0.28.0-53-g5a82cb258f (webtiles) character file.

Game seed: 7355485021042224104

7 Infinimo the Caller (level 1, -2/10 HPs)
             Began as a Deep Elf Summoner on June 5, 2022.
             Slain by a quokka (4 damage)
             ... on level 1 of the Dungeon.
             The game lasted 00:00:36 (267 turns).

Infinimo the Caller (Deep Elf Summoner)              Turns: 267, Time: 00:00:37

Health: -2/10      AC:  2    Str:  5    XL:     1   Next: 83%
Magic:  5/6        EV: 12    Int: 19    God:
Gold:   41         SH:  0    Dex: 15    Spells: 5/6 levels left

rFire   . . .      SeeInvis .   (no weapon)
rCold   . . .      Faith    .   (no shield)
rNeg    . . .      Spirit   .   a - +0 robe
rPois   .          Reflect  .   (no helmet)
rElec   .          Harm     .   (no cloak)
rCorr   .          Rampage  .   (no gloves)
Will    .....                   (no boots)
Stlth   ++........              (no amulet)
HPRegen 0.03/turn               (no ring)
MPRegen 0.10/turn               (no ring)

@: no status effects
A: no striking features
a: no special abilities


You were on level 1 of the Dungeon.
You visited 1 branch of the dungeon, and saw 1 of its levels.

You collected 41 gold pieces.

Inventory:

Armour
 a - a +0 robe (worn)


   Skills:
 - Level 2.4 Dodging
 - Level 2.4 Stealth
 + Level 3.2 Spellcasting
 * Level 4.7 Summonings


You had 5 spell levels left.
You knew the following spells:

 Your Spells              Type           Power      Damage    Failure   Level
a - Summon Small Mammal   Summ           80%        N/A       2%          1

Your spell library contained the following spells:

 Spells                   Type           Power      Damage    Failure   Level
 Call Imp                 Summ           20%        N/A       3%          2
 Call Canine Familiar     Summ           20%        N/A       6%          3
 Summon Guardian Golem    Hex/Summ       12%        N/A       17%         3
 Summon Lightning Spire   Summ/Air       12%        N/A       50%         4


Dungeon Overview and Level Annotations

Branches:
Dungeon (1/15)

Altars:


Message History

Your bat hits the quokka but does no damage.
A frilled lizard comes into view.
Your bat barely misses the quokka.
Found 11 gold pieces.
Your bat barely misses the quokka.
Your bat hits the quokka but does no damage.
The quokka closely misses your bat. Something bites your bat.
Your bat dies!
Your bat's corpse disappears in a puff of smoke!
Your bat hits the quokka. The quokka bites your bat.
Your bat dies!
Your bat's corpse disappears in a puff of smoke!
Casting: Summon Small Mammal (safe; 2% risk of failure)
Confirm with . or Enter, or press ? or * to list all spells.
The frilled lizard closely misses you.
Your quokka bites the frilled lizard.
The frilled lizard dies!
Your quokka closely misses the quokka.
Your quokka barely misses the quokka.
The quokka barely misses you.
There is a stone staircase leading down here.
Casting: Summon Small Mammal (safe; 2% risk of failure)
Confirm with . or Enter, or press ? or * to list all spells.
The quokka bites you.
* * * LOW HITPOINT WARNING * * *
Your quokka bites the quokka.
The quokka closely misses you.
Your quokka closely misses the quokka.
Your bat hits the quokka but does no damage.
The quokka bites you.
* * * LOW HITPOINT WARNING * * *
Your quokka misses the quokka.
Your bat hits the quokka but does no damage.
Your bat closely misses the quokka.
Your quokka barely misses the quokka.
Your bat misses the quokka.
Your quokka bites the quokka but does no damage.
Your bat misses the quokka. The quokka barely misses you.
Your quokka barely misses the quokka.
Your bat hits the quokka but does no damage.
Your quokka bites the quokka.
The quokka bites you.
You die...

#........#.#.#####.##
##.###..#..........#.#
#...##..###.#.#####.##
#....#........# #†#######
#....########## #.......# $
####.# ##..####.# #. #.#
##########...####.# #. #.#
#.......##......#.# #. ##.##
#.....r@##...##.#.#####.
#.#.#
#....)r.####.##.........
#..##
#.....b..###............
#.##
#....>..........†....... #.#
#.......#.#####.#######. #.#
#.[.....##.###.## #. #.#
#######.####.#.## #### #.
#.# ##...###.## ##.## ##..#
#.
##†###.###.###.###.#.###.#.#
#.


You could see a quokka (ally target), a friendly quokka (summoned) and a
friendly bat (summoned).

Vanquished Creatures (collateral kills)
  2 bats (D:1)
  A giant cockroach (D:1)
  A hobgoblin (D:1)
  A ball python (D:1)
  A frilled lizard (D:1)
  A rat (D:1)
7 creatures vanquished.

Notes
Turn   | Place    | Note
-------+----------+-------------------------------------------
     0 | D:1      | Infinimo the Deep Elf Summoner began the quest for the Orb.
     0 | D:1      | Reached XP level 1. HP: 10/10 MP: 6/6
   267 | D:1      | Slain by a quokka

Illustrated notes

Levels and vault maps discovered:
D:1:      minmay_arrival_diagonal_passages, layout_loops_cross,
          chequers_serial_rivers_large_a

Action                   || total
-------------------------++-------
 Cast: Summon Small Mamm ||    14
Armor: Robe              ||     1
Dodge: Dodged            ||    10
